 Dungeon Crawl Stone Soup version 0.31.0-9-g3a7656b989 (webtiles) character file.

Game seed: 15059565410026938805

1521 qw the Skirmisher (level 8, -3/66 HPs)
             Began as a Demigod Hunter on Feb 2, 2024.
             Incinerated by a bombardier beetle (4 damage)
             ... with a burning spray
             ... on level 6 of the Dungeon.
             The game lasted 00:00:24 (4637 turns).

qw the Skirmisher (Demigod Hunter)                  Turns: 4637, Time: 00:00:26

Health: -3/66      AC: 14    Str: 14    XL:     8   Next: 29%
Magic:  10/10      EV: 14    Int: 11    God:
Gold:   33         SH:  0    Dex: 27    Spells: 7/7 levels left

rFire   . . .        a - +0 shortbow (drain)
rCold   + . .        (shield currently unavailable)
rNeg    + . .        j - +7 ring mail of Nice the Good {Str+2 Dex+2}
rPois   .            (no helmet)
rElec   .            b - +1 cloak
rCorr   .            (no gloves)
SInv    +            (no boots)
Will    .....        (no amulet)
Stlth   +            f - ring of see invisible
HPRegen 0.31/turn    n - ring of positive energy
MPRegen 0.12/turn

%: no passive effects
@: on fire, glowing
A: high MP 1, forlorn, divine attributes, cold resistance 1, inability to drink
after injury 1
a: no special abilities


You were on level 6 of the Dungeon.
You visited 1 branch of the dungeon, and saw 6 of its levels.

You collected 208 gold pieces.
You spent 175 gold pieces at shops.


Innate Abilities, Weirdness & Mutations

You have an increased reservoir of magic. (+10% MP)
You shall have no god before yourself.
Your divine heritage dramatically boosts your attributes as you level up.
Your flesh is cold resistant. (rC+)
You occasionally lose the ability to drink potions when taking damage.


   Skills:
 + Level 4.0 Fighting
 - Level 9.0 Ranged Weapons
 - Level 1.3 Armour
 - Level 4.1 Dodging
 - Level 0.8 Stealth


You had 7 spell levels left.
You didn't know any spells.
Your spell library was empty.

Inventory:

Hand Weapons
 a - a +0 shortbow of draining (weapon)
Armour
 b - a +1 cloak (worn)
 j - the +7 ring mail of Nice the Good (worn) {Str+2 Dex+2}
   (You found it on level 2 of the Dungeon)

   Str+2:     It affects your strength (+2).
   Dex+2:     It affects your dexterity (+2).
Jewellery
 f - a ring of see invisible (left hand)
 m - a ring of ice
 n - a ring of positive energy (right hand)
Wands
 e - a wand of acid (3)
 g - a wand of digging (9)
Scrolls
 i - a scroll of identify
 o - a scroll of teleportation
Potions
 c - a potion of might
 d - a potion of curing
 h - a potion of resistance
 k - 2 potions of brilliance {unknown}
 q - a potion of heal wounds

Dungeon Overview and Level Annotations

Branches:
Dungeon (6/15)
 Temple: D:4-7

Shops:
D:5 ?   D:6 =?

Annotations:
D:5 1 runed translucent door, qw's ghost, amateur DjHu


Message History

The bombardier beetle is moderately wounded.
You feel sick.
The bombardier beetle sprays incendiary fluid at you.
The burning spray hits you.
You are covered in liquid fire!
You shoot an arrow.
The arrow hits the bombardier beetle but does no damage.
You drain the bombardier beetle.
The bombardier beetle is heavily wounded.
The liquid fire burns you!
You feel sick.
You shoot an arrow. The arrow hits the bombardier beetle.
The bombardier beetle is almost dead.
The liquid fire burns you!
You feel sick.
You shoot an arrow. The arrow hits the bombardier beetle.
You kill the bombardier beetle!
The liquid fire burns you!
You feel sick.
Your Ranged Weapons skill increases to level 9!
You are on fire!
The liquid fire burns you!
You feel sick.
You are on fire!
The liquid fire burns you!
You feel sick.
You are on fire!
The liquid fire burns you!
You feel sick.
You are on fire!
The liquid fire burns you!
You feel sick.
You are no longer poisoned.
You are on fire!
The liquid fire burns you!
You are on fire!
The liquid fire burns you!
You are on fire!
The liquid fire burns you!
You die...

...... ...........#
....... ...........##
....... #...........##
#...#.. #...........##
###.##. #.............
## ## #.......#...#
...### #......## #.##
#.... #
###@..###..#####.#..
#.#..###.##..........)
#...#...#.>.#..###....
##.#.....##....####..#
#..#..\..##.#...####..
#.. #.....#..#.#.......
...#..#...#...#..####...
.....#..###....##.# ##..
.... .## ....#.##.# #.#


There were no monsters in sight!

Vanquished Creatures
  A water moccasin (D:6)
  An ice beast (D:5)
  An ogre (D:4)
  A black bear (D:4)
  A centaur (D:6)
  A phantom (D:4)
  A kobold brigand (D:5)
  A bullfrog (D:5)
  3 scorpions (D:4)
  A howler monkey (D:4)
  A bombardier beetle (D:6)
  3 orc priests
  4 hounds
  A jelly (D:4)
  A sleepcap (D:4)
  An iguana (D:4)
  Natasha (thrice) (D:3)
  3 orc wizards
  7 gnolls
  3 adders
  4 dart slugs
  19 orcs
  2 ball pythons (D:1)
  6 endoplasms
  7 giant cockroaches
  2 hobgoblins
  A jackal (D:4)
  9 quokkas
  2 bats
  5 frilled lizards
  A goblin (D:3)
  10 kobolds
  5 rats
112 creatures vanquished.

Notes
Turn   | Place    | Note
-------+----------+-------------------------------------------
     0 | D:1      | qw the Demigod Hunter began the quest for the Orb.
     0 | D:1      | Reached XP level 1. HP: 17/17 MP: 3/3
     0 | D:1      | 0 ||| qw: Version: 0.3-a-155-g5e7d8dd
     0 | D:1      | 0 ||| qw: Game counter: 242
     0 | D:1      | 0 ||| qw: Melee chars always use a shield: true
     0 | D:1      | 0 ||| qw: God list: Okawaru
     0 | D:1      | 0 ||| qw: Allow faded altars: false
     0 | D:1      | 0 ||| qw: Do Orc after clearing Dungeon:15 true
     0 | D:1      | 0 ||| qw: Do second Lair branch before Depths: true
     0 | D:1      | 0 ||| qw: Lair rune preference: random
     0 | D:1      | 0 ||| qw: Goals: Normal
     0 | D:1      | 0 ||| PLANNING D:1-11
   175 | D:1      | Reached skill level 4 in Ranged Weapons
   302 | D:1      | Reached XP level 2. HP: 24/24 MP: 4/4
   599 | D:1      | 599 ||| UPGRADING to ring of see invisible.
   600 | D:1      | 600 ||| READING scroll labelled QEQEKL CEGI.
   600 | D:1      | 600 ||| IDENTIFYING puce potion
   601 | D:1      | 601 ||| DROPPING scroll of butterflies.
   683 | D:2      | 683 ||| FLEEEEING.
   684 | D:2      | 684 ||| FLEEEEING.
   685 | D:2      | 685 ||| FLEEEEING.
   686 | D:2      | 686 ||| FLEEEEING.
   687 | D:2      | 687 ||| FLEEEEING.
   688 | D:2      | 688 ||| FLEEEEING.
   689 | D:2      | 689 ||| FLEEEEING.
   691 | D:2      | 691 ||| FLEEEEING.
   692 | D:2      | 692 ||| FLEEEEING.
   693 | D:2      | 693 ||| FLEEEEING.
   694 | D:2      | 694 ||| FLEEEEING.
   700 | D:2      | 700 ||| FLEEEEING.
   706 | D:2      | 706 ||| FLEEEEING.
   707 | D:2      | 707 ||| STAIRDANCE
   719 | D:1      | 719 ||| UPGRADING to +0 cloak.
   866 | D:2      | Identified the +7 ring mail of Nice the Good {Str+2 Dex+2}
   975 | D:2      | Reached XP level 3. HP: 26/29 MP: 5/5
  1122 | D:2      | 1122 ||| UPGRADING to +0 ring mail.
  1132 | D:2      | 1132 ||| DROPPING +0 leather armour.
  1133 | D:2      | 1133 ||| UPGRADING to +7 ring mail of Nice the Good {Str+2
                  | Dex+2}.
  1143 | D:2      | 1143 ||| DROPPING +0 ring mail.
  1144 | D:2      | 1144 ||| READING scroll of identify.
  1144 | D:2      | 1144 ||| IDENTIFYING pink potion
  1145 | D:2      | 1145 ||| READING scroll labelled ISAXI ZESUHYMP.
  1146 | D:2      | 1146 ||| DRINKING 2 lumpy red potions.
  1147 | D:2      | 1147 ||| DROPPING potion of attraction.
  1148 | D:2      | 1148 ||| DROPPING potion of degeneration.
  1173 | D:3      | 1173 ||| PLANNING SEWER
  1360 | D:3      | 1360 ||| DRINKING sedimented blue potion.
  1362 | D:3      | Reached skill level 5 in Ranged Weapons
  1362 | D:3      | Reached XP level 4. HP: 31/36 MP: 6/6
  1406 | D:3      | Noticed Natasha
  1413 | D:3      | Killed Natasha
  1414 | D:3      | Reached skill level 1 in Armour
  1560 | D:3      | Noticed a green death
  1560 | D:3      | Noticed an angel
  1560 | D:3      | Noticed Natasha
  1563 | D:3      | 1563 ||| FLEEEEING.
  1564 | D:3      | 1564 ||| FLEEEEING.
  1565 | D:3      | 1565 ||| FLEEEEING.
  1566 | D:3      | 1566 ||| FLEEEEING.
  1578 | D:3      | Killed Natasha
  1642 | D:3      | Noticed Natasha
  1649 | D:3      | Killed Natasha
  1650 | D:3      | Reached XP level 5. HP: 31/41 MP: 7/7
  1810 | D:3      | 1810 ||| RIP SEWER
  1891 | D:3      | 1891 ||| PLANNING D:1-11
  2110 | D:3      | 2110 ||| READING scroll labelled JAERGH ZORCHIP.
  2111 | D:3      | 2111 ||| READING scroll labelled VUNWYN HEH.
  2467 | D:4      | Reached skill level 6 in Ranged Weapons
  2561 | D:4      | Noticed a black bear
  2562 | D:4      | 2562 ||| DRINKING potion of haste.
  2576 | D:4      | 2576 ||| RETREEEEATING.
  2579 | D:4      | 2579 ||| RETREEEEATING.
  2580 | D:4      | 2580 ||| RETREEEEATING.
  2581 | D:4      | 2581 ||| RETREEEEATING.
  2582 | D:4      | 2582 ||| ZAPPING wand of acid (5) at 1,0 (black bear;
                  | floor).
  2583 | D:4      | 2583 ||| ZAPPING wand of acid (4) at 1,0 (black bear;
                  | floor).
  2583 | D:4      | Killed a black bear
  2584 | D:4      | Reached skill level 3 in Fighting
  2584 | D:4      | Reached XP level 6. HP: 23/51 MP: 8/8
  2826 | D:4      | Reached skill level 3 in Dodging
  3035 | D:4      | Reached skill level 7 in Ranged Weapons
  3035 | D:4      | Reached XP level 7. HP: 57/57 MP: 9/9
  3443 | D:4      | 3443 ||| UPGRADING to ring of positive energy.
  3444 | D:4      | 3444 ||| READING scroll of identify.
  3444 | D:4      | 3444 ||| IDENTIFYING fuming amethyst potion
  3445 | D:4      | 3445 ||| READING scroll labelled MEULUN QOFU.
  3445 | D:4      | 3445 ||| BRANDING +0 shortbow.
  3446 | D:4      | 3446 ||| READING scroll labelled OKAWKE QOOPHA.
  3447 | D:4      | 3447 ||| READING scroll labelled IPTAVI ROIQYSM.
  3448 | D:4      | 3448 ||| READING scroll labelled HIAF BAMUCRUX.
  3460 | D:5      | Entered Level 5 of the Dungeon
  3481 | D:5      | Reached skill level 8 in Ranged Weapons
  3643 | D:5      | 3643 ||| FLEEEEING.
  3645 | D:5      | 3645 ||| FLEEEEING.
  3646 | D:5      | 3646 ||| FLEEEEING.
  3647 | D:5      | 3647 ||| FLEEEEING.
  3683 | D:5      | Found Qeliggao's Magic Scroll Emporium.
  3697 | D:5      | 3697 ||| BUYING scroll of enchant armour (75 gold).
  3697 | D:5      | Bought a scroll of enchant armour for 75 gold pieces
  3697 | D:5      | 3697 ||| BUYING scroll of identify (20 gold).
  3697 | D:5      | Bought a scroll of identify for 20 gold pieces
  3697 | D:5      | 3697 ||| BUYING scroll of identify (20 gold).
  3697 | D:5      | Bought a scroll of identify for 20 gold pieces
  3697 | D:5      | 3697 ||| BUYING scroll of teleportation (30 gold).
  3697 | D:5      | Bought a scroll of teleportation for 30 gold pieces
  3697 | D:5      | 3697 ||| READING scroll of enchant armour.
  3697 | D:5      | 3697 ||| ENCHANTING +0 cloak.
  3985 | D:5      | Found a runed translucent door.
  3986 | D:5      | Noticed qw's ghost (amateur DjHu)
  4216 | D:5      | 4216 ||| DROPPING ring of wizardry.
  4217 | D:5      | 4217 ||| READING 2 scrolls of identify.
  4217 | D:5      | 4217 ||| IDENTIFYING cyan potion
  4218 | D:5      | 4218 ||| READING scroll of identify.
  4218 | D:5      | 4218 ||| IDENTIFYING fizzy brown potion
  4219 | D:5      | 4219 ||| DRINKING 2 purple potions.
  4219 | D:5      | Gained mutation: You have a pair of small antennae on your
                  | head. [potion of mutation]
  4219 | D:5      | Lost mutation: You have a pair of small antennae on your
                  | head. [potion of mutation]
  4219 | D:5      | Gained mutation: You occasionally lose the ability to drink
                  | potions when taking damage. [potion of mutation]
  4219 | D:5      | Gained mutation: Your movements are slightly less
                  | encumbered by armour. (ER -2) [potion of mutation]
  4220 | D:5      | 4220 ||| DRINKING potion of mutation.
  4220 | D:5      | Lost mutation: Your movements are slightly less encumbered
                  | by armour. (ER -2) [potion of mutation]
  4220 | D:5      | Lost mutation: You occasionally lose the ability to drink
                  | potions when taking damage. [potion of mutation]
  4220 | D:5      | Gained mutation: Your flesh is cold resistant. (rC+)
                  | [potion of mutation]
  4220 | D:5      | Gained mutation: You occasionally lose the ability to drink
                  | potions when taking damage. [potion of mutation]
  4221 | D:5      | 4221 ||| DRINKING 2 dark potions.
  4245 | D:6      | Found Xyic's Magic Scroll Emporium.
  4246 | D:6      | 4246 ||| STAIRDANCE
  4250 | D:6      | 4250 ||| STAIRDANCE
  4317 | D:6      | 4317 ||| STAIRDANCE
  4329 | D:6      | 4329 ||| STAIRDANCE
  4336 | D:5      | Reached XP level 8. HP: 63/66 MP: 10/10
  4345 | D:6      | 4345 ||| STAIRDANCE
  4376 | D:6      | 4376 ||| STAIRDANCE
  4429 | D:6      | 4429 ||| STAIRDANCE
  4455 | D:6      | 4455 ||| STAIRDANCE
  4529 | D:6      | 4529 ||| SHOPLISTING scroll of enchant armour (112 gold,
                  | have 56).
  4529 | D:6      | 4529 ||| BUYING scroll of identify (30 gold).
  4529 | D:6      | Bought a scroll of identify for 30 gold pieces
  4529 | D:6      | 4529 ||| SHOPLISTING scroll of identify (30 gold, have 26).
  4609 | D:6      | Found Zybrog's One-of-a-Kind Rings.
  4617 | D:6      | 4617 ||| SHOPLISTING +10 ring of strength (1183 gold, have
                  | 33).
  4617 | D:6      | 4617 ||| SHOPLISTING +4 ring of strength (195 gold, have
                  | 33).
  4617 | D:6      | 4617 ||| SHOPLISTING +6 ring of slaying (1869 gold, have
                  | 33).
  4617 | D:6      | 4617 ||| SHOPLISTING ring "Batusef" {Fire rPois Int+2
                  | Dex+4} (634 gold, have 33).
  4631 | D:6      | Reached skill level 9 in Ranged Weapons
  4634 | D:6      | HP: 13/66 [burnt (5)]
  4636 | D:6      | HP: 1/66 [burnt (6)]
  4637 | D:6      | Incinerated by a bombardier beetle

Levels and vault maps discovered:
D:1:      roderic_crop_circles_arrival_small, layout_basic
D:2:      layout_rooms, chequers_serial_rivers_marsh, st_stairs_9,
          minmay_misc_feat_square
D:3:      layout_loops_ring, grunt_temple_overflow_order_and_chaos_2,
          gup_sewer_entry_bubbles, shapermc_ecumenical_altar_mp_vishouse,
          uniq_natasha
D:4:      layout_basic, st_stairs_11, minmay_misc_feat_enclosed
D:5:      layout_basic, mainiacjoe_overflow_paths, serial_shops,
          nicolae_shop_crystal, gammafunk_ghost_grave
D:6:      layout_rooms, nzn_wu_jian_contemplation, chei_slow_surprise,
          grunt_temple_overflow_open, serial_shops,
          nicolae_shop_tiny_waterfront, nicolae_shop_waterfront, shop,
          kennysheep_pointless_box, nicolae_shop_unique_rings

Skill      XL: |  1  2  3  4  5  6  7  8 |
---------------+-------------------------+-----
Ranged Weapons | 4 5 6 7 8 9 |  9.0
Fighting       | 2 3 4 |  4.0
Dodging        | 2 3 4 |  4.1
Armour         | 1 |  1.3
Stealth        | |  0.8

Action                     |  1- 3 |  4- 6 |  7- 9 || total
---------------------------+-------+-------+-------++-------
   Fire: Shortbow          |   110 |   165 |   133 ||   408
  Evoke: Wand              |       |     2 |       ||     2
    Use: Scroll            |     3 |     2 |     8 ||    13
         Potion            |     2 |     1 |     3 ||     6
 Armour: Leather armour    |    17 |       |       ||    17
         Ring mail         |    14 |    87 |    58 ||   159
  Dodge: Dodged            |    37 |    63 |    64 ||   164

Table legend:
 A = Non-vault XP
 B = Vault XP
 C = Vault XP percentage of total XP
 D = Non-vault monster count
 E = Vault monster count
 F = Vault count percentage of total count
                 A         B        C        D         E       F
            +---------+---------+-------+---------+---------+-------
      Total |    2034 |     140 |   6.4 |      99 |      13 |  11.6
            +---------+---------+-------+---------+---------+-------
        D:1 |      18 |       0 |   0.0 |      10 |       0 |   0.0
        D:2 |      31 |       5 |  13.9 |      15 |       3 |  16.7
        D:3 |     160 |      46 |  22.3 |      19 |       7 |  26.9
        D:4 |     746 |      89 |  10.7 |      18 |       3 |  14.3
        D:5 |     726 |       0 |   0.0 |      30 |       0 |   0.0
        D:6 |     353 |       0 |   0.0 |       7 |       0 |   0.0
            +---------+---------+-------+---------+---------+-------
